 Dungeon Crawl Stone Soup version 0.31.0-12-g77e489cdc1 (webtiles) character file.

Game seed: 9064739402076949907

2237 Ruich the Destroyer (level 9, -1/54 HPs)
             Began as a Tengu Conjurer on Feb 13, 2024.
             Was an Initiate of Vehumet.
             Killed from afar by Maggie (23 damage)
             ... with a bolt of fire
             ... on level 6 of the Dungeon.
             The game lasted 00:21:09 (7153 turns).

Ruich the Destroyer (Tengu Conjurer)                Turns: 7153, Time: 00:21:09

Health: -1/54      AC:  2    Str: 12    XL:     9   Next: 36%
Magic:  4/27       EV: 17    Int: 19    God:    Vehumet [......]
Gold:   393        SH:  0    Dex: 15    Spells: 5/18 levels left

rFire   . . .        l - +10 falchion "Hunaabuh" {flame, rC+ Dex+3}
rCold   + . .        o - orb {*channel}
rNeg    . . .        a - +0 robe
rPois   .            (helmet restricted)
rElec   .            (no cloak)
rCorr   .            (no gloves)
SInv    .            (boots unavailable)
Will    .....        (no amulet)
Stlth   ++           M - ring of magical power
HPRegen 0.29/turn    Z - ring of wizardry
MPRegen 0.20/turn

%: acrobat, wizardry (x1), channel magic (20%)
@: flying
A: beak, talons 3, evasive flight, acrobatic
a: Renounce Religion


You were on level 6 of the Dungeon.
You worshipped Vehumet.
Vehumet was noncommittal.
You visited 2 branches of the dungeon, and saw 7 of its levels.

You collected 393 gold pieces.


Innate Abilities, Weirdness & Mutations

You have a beak for a mouth.
You have claws for feet.
Your magical flight helps you evade attacks. (EV +4)
You can magically evade attacks while moving or waiting.


   Skills:
 + Level 5.4 Fighting
 + Level 3.2 Dodging
 + Level 3.0 Stealth
 + Level 5.4 Spellcasting
 + Level 9.0 Conjurations
 + Level 3.4 Translocations
 + Level 4.1 Alchemy


You had 5 spell levels left.
You knew the following spells:

 Your Spells              Type           Power      Damage    Failure   Level
f - Fulminant Prism       Conj/Alch      15%        3d11      9%          4
m - Magic Dart            Conj           100%       1d8       1%          1
s - Searing Ray           Conj           78%        2d7       1%          2
B - Blink                 Tloc           36%        N/A       5%          2
X - Iskenderun's Mystic   Conj/Tloc      29%        2d7       9%          4

Your spell library contained the following spells:

 Spells                   Type           Power      Damage    Failure   Level
 Sting                    Conj/Alch      100%       1d9       1%          1
 Apportation              Tloc           36%        N/A       4%          1
 Stone Arrow              Conj/Erth      44%        3d9       6%          3
 Gell's Gravitas          Tloc           18%        N/A       9%          3
 Teleport Other           Tloc           18%        N/A       9%          3
 Necrotise                Necr           20%        1d5       12%         1
 Sandblast                Erth           10%        2d5       12%         1
 Summon Small Mammal      Summ           20%        N/A       12%         1
 Call Imp                 Summ           10%        N/A       16%         2
 Brom's Barrelling Bould  Conj/Erth      22%        2d4       16%         4
 Passwall                 Erth           5%         N/A       26%         3
 Animate Armour           Summ/Erth      10%        N/A       58%         4
 Dispersal                Tloc           9%         N/A       92%         6
 Lehudib's Crystal Spear  Conj/Erth      11%        10d4      100%        8

Inventory:

Hand Weapons
 l - the +10 falchion "Hunaabuh" (weapon) {flame, rC+ Dex+3}
   (You found it on level 2 of the Dungeon)

   Dex+3:     It affects your dexterity (+3).
   rC+:       It protects you from cold.
Armour
 a - a +0 robe (worn)
 o - an orb of energy (worn)
Magical Staves
 r - a staff of air {!a}
Jewellery
 d - an amulet of guardian spirit
 C - a ring of protection from cold
 E - a +5 ring of evasion
 M - a ring of magical power (left hand)
 Z - a ring of wizardry (right hand)
Wands
 b - a wand of flame (27)
 e - a wand of iceblast (7)
 n - a wand of digging (6)
 u - a wand of paralysis (7)
Scrolls
 c - a scroll of silence {unknown}
 f - 3 scrolls of teleportation {@r2}
 g - a scroll of immolation {unknown}
 i - 2 scrolls of identify {@r1}
 t - a scroll of enchant weapon {unknown}
 w - a scroll of blinking {unknown}
Potions
 h - a potion of brilliance {unknown}
 j - a potion of berserk rage {!q}
 k - a potion of heal wounds {unknown}
 m - 3 potions of cancellation
 p - 2 potions of invisibility
 q - a potion of resistance {unknown}
 s - a potion of curing {unknown}
 v - 2 potions of enlightenment {unknown}

Dungeon Overview and Level Annotations

Branches:
Dungeon (6/15)             Temple (1/1) D:5

Altars:
Ashenzari
Cheibriados
Dithmenos
Fedhas
Gozag
Makhleb
Nemelex Xobeh
Qazlal
Sif Muna
Trog
Uskayaw
Vehumet
Wu Jian
Xom

Shops:
D:3 *

Annotations:
D:1 2 transporters
D:6 Maggie

.▒.▒.......▒.▒.##.........).##
......▒.▒....................###
#...#.....#...#................#
..▒....#....▒...........#.......
#...#....@#...#......#####......
......▒.▒............## ##..###
.▒.▒.[.....▒.▒........# #..#
.....#...#.........#### ####
..#....▒....#.#@.###
.....#...#....##...#
.▒.▒...#...▒.###.#.....
.............# .####..
......###...... .# # ######
####### ## # ## .#.


You could see Maggie.


Message History

* * * LOW HITPOINT WARNING * * *
Your fulminant prism explodes!
The blast of energy engulfs Maggie!
Maggie is heavily wounded.
Unknown command.
Your fulminant prism crackles loudly.
Your fulminant prism explodes!
Casting: Fulminant Prism (dangerous; 9% risk of failure)
Confirm with . or Enter, or press ? or * to list all spells.
Aiming: Fulminant Prism (dangerous; 9% risk of failure)
Press: ? - help, Dir - move target You conjure a prism of explosive energy!
A fulminant prism comes into view.
Maggie smiles, but it's obviously fake.
Your fulminant prism crackles loudly.
Your fulminant prism explodes!
The blast of energy engulfs Maggie!
Maggie is almost dead.
There is a stone staircase leading up here.
Casting: Fulminant Prism (dangerous; 9% risk of failure)
Confirm with . or Enter, or press ? or * to list all spells.
Aiming: Fulminant Prism (dangerous; 9% risk of failure)
Press: ? - help, Dir - move target You conjure a prism of explosive energy!
A fulminant prism comes into view.
Maggie casts a spell at you.
The bolt of fire hits your fulminant prism!
Your fulminant prism detonates feebly.
The bolt of fire hits you!!
You die...

Skill      XL: |  1  2  3  4  5  6  7  8  9 |
---------------+----------------------------+-----
Fighting       | 1 2 3 4 5 |  5.4
Conjurations   | 6 7 8 9 |  9.0
Spellcasting   | 3 4 5 |  5.4
Translocations | 1 2 3 |  3.4
Alchemy        | 1 2 3 4 |  4.1
Dodging        | 3 |  3.2
Stealth        | 3 |  3.0

Action                     |  1- 3 |  4- 6 |  7- 9 || total
---------------------------+-------+-------+-------++-------
  Melee: Falchion          |     2 |       |     4 ||     6
         Kick              |       |       |     2 ||     2
         Peck              |       |       |     2 ||     2
   Cast: Magic Dart        |    86 |    80 |   107 ||   273
         Searing Ray       |       |     5 |    12 ||    17
         Blink             |       |     1 |       ||     1
         Fulminant Prism   |       |     5 |    31 ||    36
         Iskenderun's Myst |       |       |     3 ||     3
  Evoke: Wand              |       |       |     1 ||     1
    Use: Scroll            |       |       |     9 ||     9
         Potion            |       |       |     2 ||     2
   Stab: Sleeping          |     1 |       |       ||     1
 Armour: Robe              |     4 |     4 |    15 ||    23
  Dodge: Dodged            |     8 |    16 |    22 ||    46

Levels and vault maps discovered:
D:1:      spicycebolla_arrival_transporter_tutorial, layout_loops_ring
D:2:      layout_basic, grunt_ministairs_1, minmay_worlds_worst_comb,
          uniq_sigmund
D:3:      layout_loops_ring, serial_shops, nicolae_shop_tiny_real_fake_doors
D:4:      layout_basic, kennysheep_big_empty_room, uniq_pikel
D:5:      layout_rooms, minmay_temple_entry_proselytizer, portal_sewer_entry_a,
          uniq_edmund
D:6:      lemuel_slime, layout_layer_cave, general_overflow_altar,
          nicolae_elyvilon_peaceful_grove, nicolae_kite_square_tiling_tiny,
          uniq_jeremiah, uniq_maggie
Temple:   oiseaux_autumnal_temple

Notes
Turn   | Place    | Note
-------+----------+-------------------------------------------
     0 | D:1      | Ruich the Tengu Conjurer began the quest for the Orb.
     0 | D:1      | Reached XP level 1. HP: 10/10 MP: 4/4
   171 | D:1      | Reached XP level 2. HP: 16/16 MP: 4/6
   217 | D:1      | You fall into a shaft and drop 1 floor!
   439 | D:1      | Reached skill level 1 in Fighting
   757 | D:1      | Reached XP level 3. HP: 20/20 MP: 7/7
  1097 | D:2      | Learned a level 2 spell: Searing Ray
  1142 | D:2      | Noticed Sigmund
  1653 | D:2      | Identified the +10 falchion "Hunaabuh" {flame, rC+ Dex+3}
  1825 | D:2      | Learned a level 2 spell: Blink
  1945 | D:2      | Reached skill level 6 in Conjurations
  2103 | D:2      | Reached XP level 4. HP: 26/26 MP: 9/9
  2497 | D:3      | Reached skill level 2 in Fighting
  2823 | D:3      | Reached skill level 3 in Spellcasting
  2823 | D:3      | Reached XP level 5. HP: 30/30 MP: 10/10
  2828 | D:3      | Learned a level 4 spell: Fulminant Prism
  2941 | D:3      | Found Hig Ylof's General Store.
  2975 | D:3      | Reached skill level 1 in Translocations
  3699 | D:4      | Noticed an ogre
  3706 | D:4      | Killed an ogre
  3707 | D:4      | Reached skill level 1 in Alchemy
  3707 | D:4      | Reached XP level 6. HP: 36/36 MP: 11/11
  4004 | D:4      | Noticed Pikel
  4017 | D:4      | Paralysed by Pikel for 2 turns
  4025 | D:4      | Killed Pikel
  4026 | D:4      | Reached skill level 3 in Fighting
  4026 | D:4      | Reached skill level 4 in Spellcasting
  4026 | D:4      | Reached skill level 7 in Conjurations
  4026 | D:4      | Reached skill level 2 in Translocations
  4026 | D:4      | Reached skill level 2 in Alchemy
  4026 | D:4      | Gained mutation: Your magical flight helps you evade
                  | attacks. (EV +4) [Tengu growth]
  4026 | D:4      | Reached XP level 7. HP: 42/42 MP: 5/14
  4374 | D:4      | Reached skill level 4 in Fighting
  4734 | D:4      | Learned a level 4 spell: Iskenderun's Mystic Blast
  4897 | D:2      | Killed Sigmund
  4898 | D:2      | Reached XP level 8. HP: 48/48 MP: 13/15
  5037 | D:5      | Entered Level 5 of the Dungeon
  5087 | D:5      | Reached skill level 3 in Alchemy
  5181 | D:5      | Reached skill level 8 in Conjurations
  5400 | D:5      | Found a staircase to the Ecumenical Temple.
  5409 | Temple   | Entered the Ecumenical Temple
  5427 | Temple   | Became a worshipper of Vehumet
  5467 | D:5      | Noticed Edmund
  5501 | D:5      | Found a glowing drain.
  5656 | D:5      | Killed Edmund
  5657 | D:5      | Reached skill level 5 in Spellcasting
  5657 | D:5      | Reached skill level 3 in Translocations
  6492 | D:6      | Found a hide-covered altar of Uskayaw.
  6535 | D:6      | Noticed Jeremiah
  6565 | D:6      | Killed Jeremiah
  6566 | D:6      | Reached skill level 5 in Fighting
  6566 | D:6      | Reached XP level 9. HP: 54/54 MP: 13/17
  6779 | D:6      | Reached skill level 4 in Alchemy
  6825 | D:6      | Reached skill level 3 in Dodging
  6991 | D:6      | Reached skill level 3 in Stealth
  6991 | D:6      | Reached skill level 9 in Conjurations
  7112 | D:6      | Noticed Maggie
  7153 | D:6      | Killed from afar by Maggie

Vanquished Creatures
  Pikel (D:4)
  Jeremiah (D:6)
  Sigmund (D:2)
  Edmund (D:5)
  An ice beast (D:5)
  An orc warrior (D:6)
  An ogre (D:4)
  A centaur (D:5)
  3 phantoms
  A lemure (D:4)
  A howler monkey (D:5)
  3 orc priests
  3 hounds
  6 jellies (D:6)
  An iguana (D:6)
  2 orc wizards (D:6)
  4 gnolls (D:3)
  A river rat (D:5)
  2 adders
  2 ufetubi (D:5)
  5 dart slugs
  4 ribbon worms
  11 orcs
  23 endoplasms
  7 giant cockroaches
  7 goblins
  8 hobgoblins
  6 jackals (D:4)
  6 kobolds
  4 quokkas
  A ball python (D:2)
  5 bats
  4 frilled lizards
  7 rats
135 creatures vanquished.

Vanquished Creatures (others)
  A butterfly (D:6)
  36 fulminant prisms
37 creatures vanquished.

Grand Total: 172 creatures vanquished

Table legend: (Time is in decaauts)
 A = Elapsed time spent in this place.
 B = Non-inter-level travel time spent in this place.
 C = Inter-level travel time spent in this place.
 D = Time resting spent in this place.
 E = Time spent auto-exploring this place.
 F = Levels seen in this place.
 G = Mean time per level.
                   A        B        C        D        E       F      G
               +--------+--------+--------+--------+--------+-----+--------+
         Total |   7155 |   6704 |    451 |   1619 |   3927 |   7 | 1022.1 |
       Dungeon |   7120 |   6669 |    451 |   1619 |   3927 |   6 | 1186.7 |
        Temple |     35 |     35 |      0 |      0 |      0 |   1 |   35.0 |
               +--------+--------+--------+--------+--------+-----+--------+

Top non-repeatable levels by time:
     D:2: 1553 daAuts
     D:4: 1355 daAuts
     D:1: 1094 daAuts
     D:6: 1052 daAuts
     D:3: 1048 daAuts
     D:5: 1015 daAuts
  Temple: 35 daAuts

Table legend:
 A = Non-vault XP
 B = Vault XP
 C = Vault XP percentage of total XP
 D = Non-vault monster count
 E = Vault monster count
 F = Vault count percentage of total count
                 A         B        C        D         E       F
            +---------+---------+-------+---------+---------+-------
      Total |    1462 |    1735 |  54.3 |     105 |      29 |  21.6
            +---------+---------+-------+---------+---------+-------
        D:1 |      38 |       0 |   0.0 |      20 |       0 |   0.0
        D:2 |      35 |     241 |  87.3 |      17 |       6 |  26.1
        D:3 |     115 |       0 |   0.0 |      25 |       0 |   0.0
        D:4 |     253 |     629 |  71.3 |      23 |       1 |   4.2
        D:5 |     571 |     216 |  27.4 |       8 |       4 |  33.3
        D:6 |     450 |     649 |  59.1 |      12 |      18 |  60.0
            +---------+---------+-------+---------+---------+-------
